 Dungeon Crawl Stone Soup version 0.18-a0-1225-g5d63bca (webtiles) character file.

837 Duffy the Ruffian (level 7, -9/46 HPs)
             Began as a Mottled Draconian Transmuter on Feb 3, 2016.
             Was a Follower of Cheibriados.
             Mangled by an orc warrior
             ... wielding a +0 scimitar
              (12 damage)
             ... on level 6 of the Dungeon.
             The game lasted 00:08:48 (6785 turns).

Duffy the Ruffian (Mottled Draconian Transmuter)    Turns: 6785, Time: 00:08:49

Health: -9/46      AC:  8    Str: 21    XL:     7   Next: 66%
Magic:  7/12       EV: 12    Int: 15    God:    Cheibriados [*.....]
Gold:   193        SH:  0    Dex: 16    Spells: 4 memorised, 2 levels left

rFire  . . .     SeeInvis .       - Unarmed
rCold  . . .     Gourm    .     (armour unavailable)
rNeg   . . .     Faith    .     (shield currently unavailable)
rPois  .         Spirit   .     q - +0 hat
rElec  .         Dismiss  .     C - +1 cloak
rCorr  .         Reflect  .     (gloves currently unavailable)
SustAt .         Harm     .     (no boots)
MR     .....                    (no amulet)
Stlth  ..........               k - ring of loudness (curse)
                                j - ring of wizardry

@: mighty, blade hands, very slow, not resistant to hostile enchantments,
extremely unstealthy
A: breathe sticky flame splash, unfitting armour, talons 1, agile 1, frail 1,
mutation resistance 1, cold-blooded, AC +6
a: Breathe Sticky Flame, End Transformation, Bend Time, Renounce Religion


You were on level 6 of the Dungeon.
You worshipped Cheibriados.
Cheibriados was aware of your devotion.
You were hungry.
You had blades for hands.
You visited 2 branches of the dungeon, and saw 7 of its levels.

You collected 313 gold pieces.
You spent 120 gold pieces at shops.


Innate Abilities, Weirdness & Mutations

You can spit globs of burning liquid.
You can ignite nearby creatures when you spit burning liquid.
Your weird mottled scales are hard (AC +6).
Your body does not fit into most forms of armour.
You are cold-blooded and may be slowed by cold attacks.
You have sharp toenails.
You are agile. (Dex +2)
You are frail (-10% HP).
You are somewhat resistant to further mutation.


   Skills:
 - Level 1.2 Fighting
 - Level 1.8 Dodging
 * Level 7.1 Unarmed Combat
 + Level 3.6 Spellcasting
 + Level 4.9 Transmutations


You had 2 spell levels left.
You knew the following spells:

 Your Spells              Type           Power        Failure   Level  Hunger
a - Beastly Appendage     Trmt           ###...       10%         1    None
b - Sticks to Snakes      Trmt           ###.....     13%         2    ##.....
c - Spider Form           Trmt/Pois      ##........   34%         3    ###....
l - Blade Hands           Trmt           ###.......   77%         5    ######.

Inventory:

Hand Weapons
 t - a +4 blowgun
Missiles
 a - 80 arrows
 m - 35 poisoned needles
 y - 4 curare-tipped needles
Armour
 q - a +0 hat (worn)
 C - a +1 cloak (worn)
Magical Staves
 x - an uncursed staff of fire
Jewellery
 f - an uncursed ring of protection from magic {unknown}
 j - a ring of wizardry (left scythe-like blade)
 k - a cursed ring of loudness (right scythe-like blade)
 n - an uncursed ring of see invisible
 E - a +4 ring of strength {unknown}
Scrolls
 d - a scroll of blinking
 l - a scroll of recharging
 o - 5 scrolls of teleportation
 p - 2 scrolls of enchant armour
 u - a scroll of magic mapping
 v - 3 scrolls of identify
 w - a scroll of fear
 D - a scroll of fog
Potions
 s - 4 potions of ambrosia
 z - a potion of might
 A - a potion of heal wounds
Books
 b - a book of Changes
Comestibles
 c - 9 bread rations
 g - 4 meat rations
 h - a royal jelly
 i - a beef jerky
 r - a fruit
 B - a slice of pizza

Dungeon Overview and Level Annotations

Branches:
Dungeon (6/15)             Temple (1/1) D:4

Altars:
Ashenzari
Cheibriados
Dithmenos
Elyvilon
Fedhas
Gozag
Kikubaaqudgha
Nemelex Xobeh
Okawaru
Qazlal
Ru
Sif Muna
Vehumet
Yredelemnul
Zin
The Shining One

Shops:
D:5 *


Message History

The gnoll sergeant hits you from afar with a spear.
The orc warrior closely misses you. The gnoll misses you.
Drink which item? (? for menu, Esc to quit)
You feel extremely strange. The giant frog zombie misses you.
The orc priest closely misses you.
The gnoll sergeant hits you from afar with a spear.
The orc misses you.
The giant frog zombie barely misses you.
The orc warrior barely misses you.
Drink which item? (? for menu, Esc to quit)
You feel mightier all of a sudden.
The orc priest hits you but does no damage.
The gnoll sergeant barely misses you.
The gnoll hits you from afar with a halberd.
The gnoll barely misses you.
The giant frog zombie hits you but does no damage.
Cast which spell? (? or * to list)
Your hands turn into razor-sharp scythe blades.
The orc priest hits you with a dagger. The gnoll sergeant barely misses you.
The giant frog zombie closely misses you.
The orc hits you but does no damage. The orc warrior barely misses you.
The gnoll misses you. The gnoll barely misses you.
The giant frog zombie barely misses you.
The orc priest closely misses you.
The gnoll sergeant hits you from afar with a spear.
The orc hits you with a hand axe. The orc hits you but does no damage.
The gnoll barely misses you. The orc warrior misses you.
The gnoll closely misses you.
The giant frog zombie hits you but does no damage.
The orc priest completely misses you. The gnoll sergeant barely misses you.
The orc hits you with a hand axe. The gnoll misses you.
The orc hits you but does no damage.
The giant frog zombie hits you but does no damage.
The orc warrior hits you with a scimitar!
You die...

#.####..#.# #.#.......#
.# .## #.#.....#.#
.#...#
#.#.#####.########.#...#
................>......#
..............##.......#
..........###..#.......#
##..#.#.# ##.#oo.....#
#..#.#.# #.#@o.....# #.
#.#.# #..oZ.....# #
..#.# ##ggg.....# #.
#.g....... .........#
###.###.... ... ....
...g ### ...


You could see an orc warrior, a gnoll sergeant, an orc priest, 3 gnolls, 2 orcs
and a giant frog zombie.

Action                   |  1- 3 |  4- 6 |  7- 9 || total
-------------------------+-------+-------+-------++-------
Melee: Unarmed           |   167 |   227 |    35 ||   429
 Fire: Blowgun           |       |     5 |       ||     5
 Cast: Spider Form       |     4 |    10 |       ||    14
       Blade Hands       |       |       |     3 ||     3
  Use: Scroll            |       |    13 |       ||    13
       Potion            |       |       |     8 ||     8
  Eat: Chunk             |     4 |    12 |       ||    16
       Pizza             |       |     2 |       ||     2
       Fruit             |       |       |     2 ||     2

Notes
Turn   | Place    | Note
--------------------------------------------------------------
     0 | D:1      | Duffy the Draconian Transmuter began the quest for the Orb.
     0 | D:1      | Reached XP level 1. HP: 16/16 MP: 3/3
   257 | D:1      | Reached XP level 2. HP: 21/23 MP: 5/5
   368 | D:1      | Learned a level 2 spell: Sticks to Snakes
  1038 | D:2      | Reached XP level 3. HP: 23/28 MP: 6/6
  1043 | D:2      | Learned a level 3 spell: Spider Form
  1678 | D:2      | Reached skill level 3 in Transmutations
  1835 | D:2      | Reached skill level 4 in Unarmed Combat
  2205 | D:2      | Reached XP level 4. HP: 8/35 MP: 3/7
  2887 | D:3      | Found a shadowy altar of Dithmenos.
  2977 | D:3      | Found a glowing silver altar of Zin.
  3010 | D:3      | Noticed Jessica
  3034 | D:3      | Killed Jessica
  3048 | D:3      | Found a sacrificial altar of Ru.
  3512 | D:3      | Found a faded altar to an unknown god.
  3644 | D:4      | Reached XP level 5. HP: 40/40 MP: 8/8
  3755 | D:4      | Found a staircase to the Ecumenical Temple.
  3787 | D:5      | Entered Level 5 of the Dungeon
  3807 | D:5      | Found Aluown's General Store.
  3814 | D:5      | Bought a scroll of fog for 24 gold pieces
  3814 | D:5      | Bought 3 scrolls of identify for 72 gold pieces
  3814 | D:5      | Bought a scroll of identify for 24 gold pieces
  4144 | D:5      | Reached skill level 5 in Unarmed Combat
  4613 | D:5      | Found a radiant altar of Vehumet.
  4726 | D:4      | Reached skill level 4 in Transmutations
  4734 | Temple   | Entered the Ecumenical Temple
  4959 | Temple   | Became a worshipper of Cheibriados the Contemplative
  5186 | D:5      | Reached XP level 6. HP: 42/47 MP: 9/9
  5546 | D:4      | Noticed Natasha
  5551 | D:4      | Killed Natasha
  5599 | D:4      | Noticed Natasha
  5607 | D:4      | Killed Natasha
  5705 | D:4      | Noticed Natasha
  5712 | D:4      | Killed Natasha
  6252 | D:6      | Reached skill level 6 in Unarmed Combat
  6278 | D:6      | Reached * piety under Cheibriados
  6278 | D:6      | Reached skill level 3 in Spellcasting
  6289 | D:6      | Reached XP level 7. HP: 13/52 MP: 8/11
  6479 | D:6      | Learned a level 5 spell: Blade Hands
  6538 | D:6      | Noticed Grinder
  6560 | D:6      | Killed Grinder
  6560 | D:6      | Reached skill level 7 in Unarmed Combat
  6778 | D:6      | Gained mutation: You are agile. (Dex +2) [potion of mutation]
  6778 | D:6      | Gained mutation: You are frail (-10% HP). [potion of mutation]
  6778 | D:6      | Gained mutation: You have an increased reservoir of magic (+10% MP). [potion of mutation]
  6779 | D:6      | Lost mutation: You have an increased reservoir of magic (+10% MP). [potion of mutation]
  6779 | D:6      | Gained mutation: You have sharp toenails. [potion of mutation]
  6779 | D:6      | Gained mutation: You are somewhat resistant to further mutation. [potion of mutation]
  6785 | D:6      | Mangled by an orc warrior

Vault maps used:
D:1:      dpeg_arrival_rooms_b
D:2:      first_bread
D:3:      lemuel_crystal_altar, hangedman_ru_absence,
          lemuel_coloured_pillars_altar, ecumenical_altar_1, roderic_lattice_a,
          uniq_jessica
D:4:      minmay_temple_entry_from_below_a, uniq_natasha
D:5:      lemuel_doored_altar, serial_shops,
          nicolae_shop_competitors_out_of_business
D:6:      portal_sewer_entry_b, uniq_grinder, uniq_eustachio
Temple:   dpeg_five_rooms_temple_12

Vanquished Creatures
  Grinder
  5 wights
  A crimson imp
  A giant frog zombie
  2 orc priests
  Jessica Natasha (thrice)
  A worker ant
  A hound zombie
  8 adders
  A shadow imp
  4 worms
  3 giant geckos
  14 orcs
  6 bats
  2 giant cockroaches
  11 goblins
  2 hobgoblins
  2 jackals
  8 kobolds
  A quokka
  2 giant newts
  7 rats
87 creatures vanquished.
